 Dungeon Crawl Stone Soup version 0.17-b1-15-g0f5fb43 (webtiles) character file.

20618 tetracat the Nimble (level 12, -2/89 HPs)
             Began as an Octopode Monk on Nov 7, 2015.
             Was an Initiate of Gozag.
             Slain by an ice devil (7 damage)
             ... in an ice cave.
             The game lasted 00:39:10 (20339 turns).

tetracat the Nimble (Octopode Monk)                Turns: 20339, Time: 00:39:11

Health: -2/89      AC:  4    Str: 11 (15) XL:     12   Next: 81%
Magic:  31/31      EV: 28    Int:  8 (14) God:    Gozag
Gold:   1387       SH:  6    Dex: 20 (29) Spells: 1 memorised, 22 levels left

rFire  . . .     SeeInvis .       - Unarmed
rCold  + . .     Clarity  +     L - +0 buckler
rNeg   . . .     SustAt   .     m - +2 hat {rC+}
rPois  .         Gourm    .     H - amulet of clarity
rElec  .         Spirit   .     h - +3 ring of dexterity
rCorr  .         Warding  .     y - +6 ring of dexterity
rMut   .         Stasis   .     C - +1 ring of protection
MR     .....                    D - ring of magical power
Stlth  ++++++....               F - ring of stealth
                                (no ring)
                                (no ring)
                                (no ring)

@: agile, not resistant to hostile enchantments, very stealthy
A: almost no armour, amphibious, 8 rings, constrict 8, camouflage 1, clever 1,
deterioration 1, robust 1, gelatinous body 1
a: Potion Petition, Call Merchant, Bribe Branch, Renounce Religion


You were in an ice cave.
You worshipped Gozag.
Gozag was noncommittal.
You were not hungry.

You visited 3 branches of the dungeon, and saw 15 of its levels.
You also visited: Sewer and Ice Cave.

You collected 2528 gold pieces.
You spent 12 gold pieces at shops.
You paid 1129 gold pieces to Gozag.

Inventory:

Armour
 m - a +2 hat of cold resistance (worn)
 o - a +0 hat of see invisible
 L - a +0 buckler (worn)
Jewellery
 h - a +3 ring of dexterity (left tentacle)
 t - an uncursed ring of teleportation
 y - a +6 ring of dexterity (right tentacle)
 C - a +1 ring of protection (on tentacle)
 D - a ring of magical power (on tentacle)
 F - a ring of stealth (on tentacle)
 H - an amulet of clarity (around mantle)
Wands
 q - a wand of disintegration (15)
 E - a wand of cold (1)
 I - a wand of confusion (24)
Scrolls
 b - 3 scrolls of fog
 c - 8 scrolls of identify
 d - 5 scrolls of teleportation
 r - 2 scrolls of recharging
 s - a scroll of enchant weapon {unknown}
 u - 2 scrolls of immolation {unknown}
 v - 2 scrolls of magic mapping
 w - 4 scrolls of blinking
 z - a scroll of noise {unknown}
 B - 5 scrolls of remove curse
 G - a scroll of fear {unknown}
Potions
 e - 2 potions of invisibility
 f - 6 potions of curing
 g - 3 potions of haste
 i - a potion of cancellation
 j - 5 potions of heal wounds
 k - 7 potions of brilliance
 l - 2 potions of might
 n - 2 potions of agility
 p - 2 potions of flight
 x - 2 potions of poison {unknown}
 J - 3 potions of lignification
 K - a potion of resistance {unknown}
Books
 a - a book of Geomancy

   Spells                             Type                      Level
   a - Sandblast                      Earth                        1
   b - Stoneskin                      Transmutation/Earth          2
   c - Passwall                       Transmutation/Earth          3
   d - Stone Arrow                    Conjuration/Earth            3
   e - Petrify                        Transmutation/Earth          4
   f - Lee's Rapid Deconstruction     Earth                        5
 A - a book of the Warp

   Spells                             Type                      Level
   a - Recall                         Summoning/Translocation      3
   b - Gell's Gravitas                Hexes/Translocation          3
   c - Force Lance                    Conjuration/Translocation    4
   d - Phase Shift                    Translocation                5
   e - Warp Weapon                    Charms/Translocation         5
   f - Summon Forest                  Summoning/Translocation      5


   Skills:
 - Level 7.0 Fighting
 - Level 12.0 Dodging
 - Level 2.6 Stealth
 + Level 4.2 Shields
 - Level 11.1 Unarmed Combat
 + Level 6.9 Spellcasting
 - Level 6.1 Transmutations
 - Level 6.1 Earth Magic


You had 22 spell levels left.
You knew the following spells:

 Your Spells              Type           Power        Failure   Level  Hunger
a - Stoneskin             Trmt/Erth      ##......     2%          2    ##.....


Dungeon Overview and Level Annotations

Branches:
Dungeon (12/15)            Temple (1/1) D:6            Lair (2/8) D:8
    Orc (0/4) D:10

Altars:
Ashenzari
Cheibriados
Dithmenos
Elyvilon
Fedhas
Gozag
Kikubaaqudgha
Makhleb
Nemelex Xobeh
Okawaru
Qazlal
Ru
Sif Muna
Trog
Vehumet
Xom
Yredelemnul
Zin
The Shining One

Shops:
D:4 *   D:10 %   D:11 %   D:12 }

Annotations:
D:3 tetracat's ghost, amateur OpMo
D:5 tetracat's ghost, novice OpMo
D:6 1 exclusion
D:8 Psyche
D:11 exclusion: 2 ugly things, Snorg
Lair:1 exclusion: electric eel


Innate Abilities, Weirdness & Mutations

You cannot wear most types of armour.
You are amphibious.
You can wear up to eight rings at the same time.
You can use your tentacles to constrict eight enemies at once.
Your skin changes colour to match your surroundings (Stealth).
Your rubbery body absorbs attacks (AC +1).
Your mind is acute. (Int +2)
Your body sometimes deteriorates upon taking damage.
You are robust (+10% HP).


Message History

* * * LOW HITPOINT WARNING * * *
The ice devil freezes you! You resist.
* * * LOW HITPOINT WARNING * * *
You tentacle-slap the ice devil but do no damage.
You tentacle-slap the ice devil, but do no damage.
You squeeze the ice devil.
The ice devil is heavily wounded.
You constrict the ice devil, but do no damage.
You tentacle-slap the ice devil but do no damage.
Your tentacle-slap misses the ice devil.
You squeeze the ice devil, but do no damage.
The ice devil is heavily wounded.
You constrict the ice devil. You block the ice devil's attack.
You barely miss the ice devil.
The ice devil is heavily wounded.
You constrict the ice devil. The ice devil hits you!
* * * LOW HITPOINT WARNING * * *
The ice devil freezes you! You resist.
You die...
Your body crumbles into a pile of gold.

#....## #......##
##..#..## ##.......#
##.###...# #........#
#..####..###.......###
##..#.[##..#.....#.#..#
#..##...##......##.#..##
##..#....##....###..#§§§#
#..##....###...#.....§§§##
#..#....## #..@#.....§§§§#
#..##.#.##
#..3#...####§§#§
#...###..#
#...§.....§§§§§.
##..##...# #..#.§...§§§§.#
$ #.......#
##.##§§#.#..#§# ##...#..#
#.§#.##.# .# ##..#..##
#$.§.#..## .# ####...#
##.§##§..# # ##..#
#§.§....#


You could see an ice devil.

Vanquished Creatures
  Gastronok (Lair:1)
  Fannar (Lair:1)
  A queen ant (D:9)
  Nergalle (D:12)
  4 hill giants
  Joseph (D:9)
  A centaur skeleton (D:12)
  2 ice statues (IceCv)
  A komodo dragon (Lair:1)
  5 spiny frogs (Lair:1)
  9 blue devils (IceCv)
  Sigmund (D:4)
  A wyvern (D:9)
  11 yaks
  2 hungry ghosts
  A steam dragon (D:10)
  4 wargs (D:10)
  3 hippogriffs (Lair:1)
  6 soldier ants (D:9)
  2 water moccasins
  6 wolves
  5 porcupines (Lair:1)
  12 ice beasts
  A sky beast (D:7)
  7 ogres
  4 centaurs
  2 crocodiles
  A big kobold (D:7)
  11 giant frogs
  4 scorpions
  5 wights
  A centaur zombie (D:5)
  5 crimson imps
  A giant frog zombie (D:9)
  9 hounds
  A jelly (D:7)
  2 orc priests
  4 giant frog skeletons
  8 iguanas
  27 worker ants
  6 sheep (Lair:1)
  2 hound skeletons
  A worker ant zombie (D:5)
  12 adders
  11 river rats
  6 white imps (IceCv)
  2 shadow imps
  An ooze (D:3)
  7 ufetubi (IceCv)
  3 adder skeletons
  2 worms
  6 giant geckos
  18 orcs
  8 hobgoblins
  4 jackals
  A quokka (D:4)
  4 ball pythons (Sewer)
  A ball python skeleton (D:3)
  4 bats
  8 giant cockroaches
  2 giant gecko zombies
  9 giant newts
  6 goblins
  A jackal zombie (D:5)
  30 kobolds
  A quokka skeleton (D:4)
  30 rats
360 creatures vanquished.

Vanquished Creatures (others)
  2 white imps (IceCv)
  2 ufetubi (IceCv)
  7 fungi (Lair:1)
  A plant (Lair:1)
12 creatures vanquished.

Grand Total: 372 creatures vanquished

Notes
Turn   | Place    | Note
--------------------------------------------------------------
     0 | D:1      | tetracat the Octopode Monk began the quest for the Orb.
     0 | D:1      | Reached XP level 1. HP: 16/16 MP: 1/1
   117 | D:1      | Reached XP level 2. HP: 19/21 MP: 2/2
   259 | D:1      | Reached XP level 3. HP: 26/26 MP: 3/3
   434 | D:1      | Reached skill level 5 in Unarmed Combat
  1226 | D:2      | Found a basalt altar of Yredelemnul.
  1616 | D:3      | Found a shattered altar of Ashenzari.
  1628 | D:3      | Reached XP level 4. HP: 25/31 MP: 4/4
  1845 | D:3      | Found a glowing drain.
  1849 | Sewer    | Entered a sewer
  2183 | Sewer    | Reached skill level 6 in Unarmed Combat
  2287 | Sewer    | Reached XP level 5. HP: 32/36 MP: 5/5
  3294 | D:3      | Noticed tetracat's ghost (amateur OpMo)
  3299 | D:3      | Found a shadowy altar of Dithmenos.
  3654 | D:3      | Reached XP level 6. HP: 39/42 MP: 6/6
  3664 | D:3      | Gained mutation: You can breathe flames. [potion of beneficial mutation]
  3665 | D:3      | Gained mutation: One of your tentacles bears a spike. [potion of beneficial mutation]
  3935 | D:4      | Reached skill level 5 in Dodging
  4083 | D:4      | Found Riplonwusta's Retail Resort.
  4091 | D:4      | Bought a scroll of random uselessness for 12 gold pieces
  4297 | D:4      | Noticed Sigmund
  4405 | D:4      | Killed Sigmund
  4405 | D:4      | Reached XP level 7. HP: 39/47 MP: 7/7
  4476 | D:5      | Entered Level 5 of the Dungeon
  4777 | D:5      | Reached skill level 7 in Unarmed Combat
  4813 | D:5      | Noticed tetracat's ghost (novice OpMo)
  5148 | D:5      | Found an iron altar of Okawaru.
  5872 | D:6      | Reached skill level 5 in Fighting
  5872 | D:6      | Reached XP level 8. HP: 39/55 MP: 8/8
  6131 | D:6      | Reached skill level 8 in Unarmed Combat
  6514 | D:6      | Found a staircase to the Ecumenical Temple.
  6660 | Temple   | Entered the Ecumenical Temple
  6724 | Temple   | Became a worshipper of Gozag Ym Sagoz the Greedy
  6861 | D:7      | Reached skill level 9 in Unarmed Combat
  7493 | D:7      | Reached skill level 10 in Unarmed Combat
  7493 | D:7      | Reached XP level 9. HP: 31/61 MP: 9/9
  8292 | D:8      | Noticed Psyche
  8392 | D:8      | Found a staircase to the Lair.
  9520 | D:9      | Noticed a queen ant
 10482 | D:9      | Noticed Joseph
 10488 | D:9      | Killed Joseph
 10488 | D:9      | Reached XP level 10. HP: 44/66 MP: 10/10
 10711 | D:10     | Entered Level 10 of the Dungeon
 10843 | D:10     | Reached skill level 10 in Dodging
 11024 | D:10     | Noticed a hill giant
 11157 | D:10     | Found a staircase to the Orcish Mines.
 11693 | D:10     | Reached skill level 11 in Dodging
 12298 | D:10     | Killed a hill giant
 12298 | D:10     | Reached skill level 1 in Spellcasting
 12458 | D:11     | Learned a level 2 spell: Stoneskin
 12478 | D:11     | Noticed a hill giant
 12498 | D:11     | Killed a hill giant
 12498 | D:11     | Reached skill level 1 in Transmutations
 12498 | D:11     | Reached skill level 1 in Earth Magic
 12660 | D:11     | Noticed a green ugly thing
 12679 | D:11     | Noticed a hill giant
 12695 | D:11     | Noticed a cyan ugly thing
 12707 | D:11     | Killed a hill giant
 12707 | D:11     | Reached XP level 11. HP: 49/72 MP: 14/14
 12835 | D:11     | Noticed a hill giant
 12853 | D:12     | Noticed Nergalle
 12861 | D:12     | Killed Nergalle
 13274 | D:11     | Killed a hill giant
 13320 | D:11     | Found Geyhac's Food Shoppe.
 13445 | D:11     | Noticed Snorg
 13871 | D:9      | Reached skill level 12 in Dodging
 14103 | D:9      | Killed a queen ant
 14450 | Lair:1   | Entered Level 1 of the Lair of Beasts
 14712 | Lair:1   | Noticed Gastronok
 14714 | Lair:1   | Lost mutation: You can breathe flames. [potion of cure mutation]
 14714 | Lair:1   | Lost mutation: One of your tentacles bears a spike. [potion of cure mutation]
 14715 | Lair:1   | Gained mutation: You are robust (+10% HP). [potion of mutation]
 14715 | Lair:1   | Gained mutation: Your body sometimes deteriorates upon taking damage. [potion of mutation]
 14715 | Lair:1   | Gained mutation: Your mind is acute. (Int +2) [potion of mutation]
 14738 | Lair:1   | Killed Gastronok
 14826 | Lair:1   | Noticed Fannar
 14853 | Lair:1   | Killed Fannar
 14853 | Lair:1   | Reached XP level 12. HP: 40/88 MP: 19/19
 15065 | Lair:1   | Reached skill level 5 in Spellcasting
 15073 | D:8      | Reached skill level 5 in Transmutations
 15276 | Lair:1   | Reached skill level 5 in Earth Magic
 17247 | Lair:1   | Reached skill level 1 in Shields
 17534 | Lair:1   | Noticed a five-headed hydra
 17644 | Lair:2   | Found a frozen archway.
 18144 | IceCv    | Entered an ice cave
 20339 | IceCv    | Slain by an ice devil

Action                   |  1- 3 |  4- 6 |  7- 9 | 10-12 || total
-------------------------+-------+-------+-------+-------++-------
Melee: Unarmed           |    62 |   168 |   255 |   703 ||  1188
 Cast: Stoneskin         |       |       |       |     1 ||     1
Invok: Call Merchant     |       |       |       |     2 ||     2
  Use: Scroll            |       |    10 |     3 |     5 ||    18
       Potion            |       |     2 |       |    15 ||    17
 Stab: Sleeping          |    14 |    13 |    21 |    22 ||    70
       Distracted        |       |     3 |       |     4 ||     7
       Invisible         |       |       |       |     3 ||     3
  Eat: Chunk             |     2 |     9 |     5 |       ||    16
       Beef jerky        |       |       |     4 |       ||     4
       Pizza             |       |       |     1 |     1 ||     2
       Royal jelly       |       |       |     1 |       ||     1
       Bread ration      |       |       |     1 |     1 ||     2
       Meat ration       |       |       |       |     4 ||     4
       Fruit             |       |       |       |    10 ||    10
